 Dungeon Crawl Stone Soup version 0.21.1-1-g345015fe64 (webtiles) character file.

1136 Beodren the Covered (level 8, -1/69 HPs)
             Began as a Minotaur Fighter on Apr 29, 2018.
             Was an Initiate of the Shining One.
             Slain by an orc priest
             ... wielding a +0 trident
              (3 damage)
             ... on level 6 of the Dungeon.
             The game lasted 00:12:25 (4423 turns).

Beodren the Covered (Minotaur Fighter)              Turns: 4423, Time: 00:12:26

Health: -1/69      AC:  7    Str: 20    XL:     8   Next: 14%
Magic:  7/7        EV:  9    Int:  5    God:    the Shining One [......]
Gold:   318        SH: 10    Dex: 13    Spells: 7/7 levels left

rFire    + . .     SeeInvis .   a - +0 flail
rCold    . . .     Gourm    .   c - +0 shield
rNeg     . . .     Faith    .   b - +0 scale mail
rPois    +         Spirit   .   (helmet restricted)
rElec    .         Reflect  .   (no cloak)
rCorr    .         Harm     .   (no gloves)
MR       .....                  (no boots)
Stlth    ..........             (no amulet)
HPRegen  0.21/turn              n - ring of poison resistance
MPRegen  0.10/turn              z - ring of protection from fire

@: glowing
A: retaliatory headbutt, horns 2
a: Renounce Religion


You were on level 6 of the Dungeon.
You worshipped the Shining One.
The Shining One was noncommittal.
You were not hungry.

You visited 1 branch of the dungeon, and saw 6 of its levels.

You collected 318 gold pieces.

Inventory:

Hand Weapons
 a - a +0 flail (weapon)
Armour
 b - a +0 scale mail (worn)
 c - a +0 shield (worn)
Jewellery
 n - a ring of poison resistance (left hand)
 t - an uncursed ring of wizardry
 w - an uncursed ring of magical power
 z - a ring of protection from fire (right hand)
Wands
 u - a wand of acid (5)
Scrolls
 e - 4 scrolls of remove curse {unknown}
 g - 2 scrolls of identify
 j - a scroll of enchant armour {unknown}
 k - a scroll of fear {unknown}
 l - 2 scrolls of teleportation {unknown}
 o - a scroll of blinking {unknown}
 p - 2 scrolls of magic mapping
 q - 3 scrolls of amnesia {unknown}
 r - 3 scrolls of immolation {unknown}
 v - a scroll of noise
 x - a scroll of fog
 y - a scroll of enchant weapon {unknown}
Potions
 d - a potion of lignification {unknown}
 h - a potion of invisibility {unknown}
 i - 2 potions of agility {unknown}
 m - a potion of curing
 s - 6 potions of mutation {unknown}
Comestibles
 f - 12 rations


   Skills:
 + Level 5.6 Fighting
 + Level 6.7 Maces & Flails
 + Level 7.0 Armour
 + Level 2.7 Dodging
 + Level 0.4 Stealth
 + Level 6.2 Shields


You had 7 spell levels left.
You didn't know any spells.

Dungeon Overview and Level Annotations

Branches:
Dungeon (6/15)
 Temple: D:4-7

Altars:
Cheibriados
Dithmenos
Fedhas
Hepliaklqana
Kikubaaqudgha
Makhleb
Uskayaw
The Shining One

Shops:
D:4 }

Annotations:
D:3 exclusion: oklob plant


Innate Abilities, Weirdness & Mutations

You reflexively headbutt those who attack you in melee.
You have a pair of horns on your head.


Message History

You kill the orc!
The orc priest calls down the wrath of Beogh upon you.
Beogh smites you!
* * * LOW HITPOINT WARNING * * *
The orc hits you but does no damage.
You hear an angry hiss.
You barely miss the howler monkey. The howler monkey hits you.
* * * LOW HITPOINT WARNING * * *
You block the orc's attack.
You hit the howler monkey.
The howler monkey is lightly wounded.
The howler monkey hoots and howls with incredible vigour!
The orc hits you but does no damage. The howler monkey hits you.
* * * LOW HITPOINT WARNING * * *
You hear an angry hiss.
You hear a shout!
You hit the howler monkey.
The howler monkey is heavily wounded.
You block the orc's attack.
The orc priest hits you from afar with a trident.
You die...

. #..## #.### #.#...##
#.#.. #.#.#..## ##.#.#
.......## #....#
######..#...###..### .
...##...#...##..# # ...
#.###......#...# #
.....###o.............###
.....ooh@..##......#.....
....##o######.##.......##
. #. #.####....... ##
......##.#..# #..[...
#)#..# #......#..#..#
#......#.###.# ... #. #.#
#. #..


You could see a howler monkey, 2 orc priests and 2 orcs.

Vanquished Creatures
  Eustachio (D:4)
  A water moccasin (D:5)
  A centaur (D:4)
  3 ogres
  2 scorpions
  A howler monkey (D:4)
  3 orc wizards
  An iguana (D:4)
  4 worker ants
  A hound skeleton (D:5)
  4 gnolls (D:3)
  A howler monkey skeleton (D:5)
  6 adders
  A shadow imp (D:6)
  An ooze (D:3)
  3 worms
  A dart slug (D:2)
  9 orcs
  3 ball pythons
  2 giant cockroaches (D:3)
  5 goblins
  6 hobgoblins
  11 jackals
  3 kobolds
  4 quokkas
  4 bats
  8 frilled lizards
  5 rats
95 creatures vanquished.

Notes
Turn   | Place    | Note
-------+----------+-------------------------------------------
     0 | D:1      | Beodren the Minotaur Fighter began the quest for the Orb.
     0 | D:1      | Reached XP level 1. HP: 19/19 MP: 0/0
   243 | D:1      | Reached XP level 2. HP: 27/27 MP: 1/1
   363 | D:2      | Reached skill level 4 in Armour
   460 | D:2      | Reached XP level 3. HP: 29/33 MP: 2/2
   783 | D:2      | Found a shadowy altar of Dithmenos.
  1338 | D:3      | Reached XP level 4. HP: 40/40 MP: 3/3
  1353 | D:3      | Reached skill level 5 in Armour
  1570 | D:3      | Reached XP level 5. HP: 16/46 MP: 4/4
  1673 | D:3      | Found a blossoming altar of Fedhas.
  1688 | D:3      | Noticed an oklob plant
  1814 | D:3      | Reached skill level 1 in Dodging
  2453 | D:4      | Found a hazy altar of Hepliaklqana.
  2522 | D:4      | Noticed an ogre
  2530 | D:4      | Killed an ogre
  2530 | D:4      | Reached XP level 6. HP: 50/53 MP: 5/5
  2546 | D:4      | Found a hide-covered altar of Uskayaw.
  2584 | D:4      | Reached skill level 5 in Maces & Flails
  2584 | D:4      | Reached skill level 5 in Shields
  2824 | D:4      | Reached skill level 5 in Fighting
  2831 | D:4      | Reached XP level 7. HP: 53/61 MP: 6/6
  2893 | D:4      | Noticed Eustachio
  2917 | D:4      | Killed Eustachio
  2917 | D:4      | Reached skill level 6 in Armour
  2974 | D:4      | Found Gonkello's Gadget Emporium.
  3415 | D:5      | Entered Level 5 of the Dungeon
  3443 | D:5      | Found a glowing golden altar of the Shining One.
  3588 | D:5      | Became a worshipper of the Shining One
  3747 | D:5      | Found a snail-covered altar of Cheibriados.
  3750 | D:5      | Found an ancient bone altar of Kikubaaqudgha.
  3965 | D:5      | Found a burning altar of Makhleb.
  3993 | D:5      | Reached XP level 8. HP: 60/69 MP: 7/7
  4416 | D:6      | Reached skill level 7 in Armour
  4421 | D:6      | HP: 3/69 [howler monkey (6)]
  4423 | D:6      | Slain by an orc priest

Skill      XL: |  1  2  3  4  5  6  7  8 |
---------------+-------------------------+-----
Fighting       | 4 5 |  5.6
Armour         | 4 5 6 7 |  7.0
Shields        | 4 5 6 |  6.2
Maces & Flails | 3 4 5 6 |  6.7
Dodging        | 1 2 |  2.7
Stealth        | |  0.4

Action                   |  1- 3 |  4- 6 |  7- 9 || total
-------------------------+-------+-------+-------++-------
Melee: Flail             |    86 |   112 |   104 ||   302
       Headbutt          |    13 |    22 |    26 ||    61
  Use: Potion            |       |     1 |       ||     1
       Scroll            |       |       |     3 ||     3
  Eat: Ration            |     1 |     1 |     1 ||     3
       Chunk             |       |     1 |       ||     1
Armor: Scale mail        |    30 |    41 |    34 ||   105
Dodge: Dodged            |    34 |    43 |    28 ||   105
Block: Shield            |    43 |    58 |    51 ||   152
